 Dungeon Crawl Stone Soup version 0.27-a0-1308-gc08437e49b (webtiles) character file.

Game seed: 181638678768954756

0 puppykicker the Vexing (level 1, -1/14 HPs)
             Began as a Vampire Arcane Marksman on June 19, 2021.
             Frozen to death by an endoplasm (2 damage)
             ... on level 1 of the Dungeon.
             The game lasted 00:00:42 (71 turns).

puppykicker the Vexing (Vampire Arcane Marksman)      Turns: 71, Time: 00:00:42

Health: -1/14      AC:  2    Str:  9    XL:     1   Next: 8%
Magic:  1/2        EV: 12    Int: 15    God:
Gold:   18         SH:  0    Dex: 14    Spells: 1/2 levels left

rFire    . . .     SeeInvis +   a - +0 hand crossbow
rCold    . . .     Faith    .   (no shield)
rNeg     . . .     Spirit   .   d - +0 robe
rPois    .         Reflect  .   (no helmet)
rElec    .         Harm     .   (no cloak)
rCorr    .         Rampage  .   (no gloves)
Will     .....                  (no boots)
Stlth    +.........             (no amulet)
HPRegen  0.24/turn              (no ring)
MPRegen  0.08/turn              (no ring)

@: healing quickly
A: alive, fangs 3, see invisible, vampiric 1
a: Exsanguinate


You were on level 1 of the Dungeon.
You visited 1 branch of the dungeon, and saw 1 of its levels.

You collected 18 gold pieces.

Inventory:

Hand Weapons
 a - a +0 hand crossbow (weapon)
Missiles
 Q - 16 bolts (quivered ammo)
Armour
 d - a +0 robe (worn)
Scrolls
 c - a scroll of amnesia {unknown}
Potions
 b - a potion of brilliance {unknown}


   Skills:
 + Level 0.9 Fighting
 * Level 1.6 Crossbows
 - Level 2.1 Dodging
 - Level 1.0 Spellcasting
 - Level 4.4 Hexes


You had one spell level left.
You knew the following spells:

 Your Spells              Type           Power      Damage    Failure   Level
a - Corona                Hex            14%        N/A       4%          1

Your spell library contained the following spells:

 Spells                   Type           Power      Damage    Failure   Level
 Slow                     Hex            13%        N/A       6%          2
 Inner Flame              Hex/Fire       7%         N/A       30%         3
 Portal Projectile        Hex/Tloc       14%        N/A       30%         3
 Cause Fear               Hex            6%         N/A       38%         4
 Leda's Liquefaction      Hex/Erth       3%         N/A       69%         4


Dungeon Overview and Level Annotations

Branches:
Dungeon (1/15)

Altars:


Innate Abilities, Weirdness & Mutations

Your natural rate of healing is accelerated.
You have razor-sharp teeth.
You have supernaturally acute eyesight. (SInv)
You are afflicted with vampirism.


Message History

You are frozen.
You take 2 damage, and have 12/14 hp.
You hit the bat. The bat closely misses you. The endoplasm hits you.
You take 1 damage, and have 11/14 hp.
The bat completely misses you. The bat hits you but does no damage.
You see here a bolt.
You hit the bat but do no damage. The bat barely misses you.
You completely miss the endoplasm. The endoplasm hits you.
You hit the endoplasm but do no damage. The endoplasm hits you.
You take 2 damage, and have 9/14 hp.
Casting: Corona (safe; 4% risk of failure)
Aiming: Corona (safe; 4% risk of failure)
Press: ? - help, Shift-Dir - straight line, f/p - bat
Aim: a bat (severely wounded, chance to affect: 67%)
The endoplasm is outlined in light.
The endoplasm freezes you.
You are frozen.
* * * LOW HITPOINT WARNING * * *
You take 4 damage, and have 5/14 hp.
MASSIVE DAMAGE!!
You now have 1/2 mp.
You are too injured to fight recklessly!
You are too injured to fight recklessly!
You are too injured to fight recklessly!
You see here a bolt.
The endoplasm hits you but does no damage.
The endoplasm freezes you.
You are frozen.
* * * LOW HITPOINT WARNING * * *
You take 4 damage, and have 1/14 hp.
MASSIVE DAMAGE!!
Unknown command.
a - a +0 hand crossbow (weapon)
Fire: 17 bolts
Press: ? - help, Q - select action Shift-Dir - straight line, f - endoplasm
Aim: an endoplasm (softly glowing, 97% to hit)
You shoot a bolt. The bolt hits the endoplasm.
The endoplasm freezes you.
You are frozen.
You die...

######## #.#..... ###
#.....#. .(# #.....#. #.#
#.....##
#######.##########.......
.......b..............#..
#J#########...#.##.
#.@....# #.....#..
#....#####.####.....#..
###..............##....
#......#.###..###....
...#.#.#.###...#.....
....+ ................
..[.. .#.........#.....
......+...#.###...+.....
#.###.# ###.#.....


You could see an endoplasm (corona) and a bat.

Levels and vault maps discovered:
D:1:      dpeg_arrival_more_subterranean_lakeside_camping, layout_basic,
          st_stairs_11

Notes
Turn   | Place    | Note
-------+----------+-------------------------------------------
     0 | D:1      | puppykicker the Vampire Arcane Marksman began the quest for
                  | the Orb.
     0 | D:1      | Reached XP level 1. HP: 14/14 MP: 2/2
    69 | D:1      | HP: 1/14 [frozen (5)]
    70 | D:1      | Identified a +0 hand crossbow
    71 | D:1      | Frozen to death by an endoplasm

Table legend: (Time is in decaauts)
 A = Elapsed time spent in this place.
 B = Non-inter-level travel time spent in this place.
 C = Inter-level travel time spent in this place.
 D = Time resting spent in this place.
 E = Time spent auto-exploring this place.
 F = Levels seen in this place.
 G = Mean time per level.
                   A        B        C        D        E       F      G
               +--------+--------+--------+--------+--------+-----+--------+
         Total |     71 |     71 |      0 |      0 |     50 |   1 |   71.0 |
       Dungeon |     71 |     71 |      0 |      0 |     50 |   1 |   71.0 |
               +--------+--------+--------+--------+--------+-----+--------+

Top non-repeatable levels by time:
     D:1: 71 daAuts

Table legend:
 A = Kills in this place as a percentage of kills in entire the game.
 B = Kills by you in this place as a percentage of kills by you in the entire game.
 C = Kills by friends in this place as a percentage of kills by friends in the entire game.
 D = Other kills in this place as a percentage of other kills in the entire game.
 E = Experience gained in this place as a percentage of experience gained in the entire game.
 F = Experience gained in this place divided by the number of levels of this place that you have seen.
                   A       B       C       D       E      F
               +-------+-------+-------+-------+-------+----------------------
         Total | 100.0 | 100.0 |   N/A |   N/A | 100.0 |   1.0
       Dungeon | 100.0 | 100.0 |   N/A |   N/A | 100.0 |   1.0
               +-------+-------+-------+-------+-------+----------------------

Action                   || total
-------------------------++-------
Melee: Unarmed           ||     7
 Fire: Hand crossbow     ||     4
 Cast: Corona            ||     1
Armor: Robe              ||     8
Dodge: Dodged            ||    10

Vanquished Creatures
  A bat (D:1)
1 creature vanquished.
